 Dungeon Crawl Stone Soup version 0.30-a0-782-ge64f9170bb (console) character file.

Game seed: 976108531868020064

24557 utis the Spear-Bearer (level 13, -5/82 HPs)
             Began as a Tengu Wanderer on Mar 9, 2023.
             Shot with an arrow by Nessos (14 damage)
             ... on level 3 of the Lair of Beasts.
             The game lasted 01:10:44 (20189 turns).

utis the Spear-Bearer (Tengu Wanderer)             Turns: 20189, Time: 01:10:45

Health: -5/82      AC: 17    Str: 13    XL:     13   Next: 13%
Magic:  5/21       EV: 19    Int: 15    God:
Gold:   994        SH:  0    Dex: 24    Spells: 1/22 levels left

rFire   . . .      SeeInvis +    a - +1 spear (venom)
rCold   . . .      Faith    .    (no shield)
rNeg    . . .      Spirit   .    Q - +0 swamp dragon scales
rPois   +          Reflect  .    D - +1 hat "Hotam" {Dex+8 SInv}
rElec   .          Harm     .    u - +2 cloak
rCorr   .          Rampage  .    (no gloves)
Will    .....                    (boots unavailable)
Stlth   +                        (no amulet)
HPRegen 0.33/turn                O - +4 ring of protection
MPRegen 0.17/turn                Z - ring of wizardry

@: flying quickly and evasively, quick
A: beak, talons 3, nimble flight
a: no special abilities


You were on level 3 of the Lair of Beasts.
You visited 2 branches of the dungeon, and saw 14 of its levels.

You collected 994 gold pieces.

Inventory:

Hand Weapons
 a - a +1 spear of venom (weapon)
 b - a +0 halberd
 M - a +2 long sword of flaming
 Y - a +3 shortbow
Missiles
 m - 176 stones
 p - a throwing net {=f}
 y - 13 poisoned darts
 A - 3 silver boomerangs
 B - 4 boomerangs
Armour
 d - a +0 robe
 f - a +0 tower shield
 j - a +0 scale mail
 u - a +2 cloak (worn)
 w - a +2 ring mail of fire resistance
 x - a +0 ring mail
 D - the +1 hat "Hotam" (worn) {Dex+8 SInv}
   (You acquired it on level 10 of the Dungeon)

   Dex:       It affects your dexterity (+8).
   SInv:      It lets you see invisible.
 G - a +0 buckler
 Q - +0 swamp dragon scales (worn)
Magical Staves
 T - a staff of cold
 V - a staff of air
Jewellery
 N - a ring of positive energy
 O - a +4 ring of protection (left hand)
 Z - a ring of wizardry (right hand)
Wands
 l - a wand of polymorph (10)
 r - a wand of iceblast (13)
 z - a wand of acid (5)
 L - a wand of flame (35)
Scrolls
 e - 3 scrolls of fog
 i - a scroll of blinking
 k - a scroll of enchant armour
 n - 2 scrolls of amnesia
 t - 3 scrolls of vulnerability
 C - 8 scrolls of teleportation {@r4}
 E - 2 scrolls of fear
 F - a scroll of identify {@r1}
 P - a scroll of poison
 R - a scroll of immolation
 S - a scroll of silence {!r}
 U - a scroll of magic mapping
 W - a scroll of summoning
 X - a scroll of enchant weapon
Potions
 c - 2 potions of haste {@q3}
 g - a potion of mutation {!q}
 h - 2 potions of brilliance
 o - 2 potions of lignification
 q - a potion of heal wounds {@q2}
 s - 4 potions of attraction
 H - a potion of might
 I - a potion of berserk rage {!q}
 J - 5 potions of curing {@q1}
Miscellaneous
 v - a piece from Xom's chessboard (15/15)


   Skills:
 + Level 9.8 Fighting
 + Level 11.7 Polearms
 + Level 6.3 Armour
 - Level 7.5 Dodging
 - Level 5.0 Spellcasting
 - Level 6.0 Conjurations
 - Level 10.7 Summonings
 + Level 2.2 Ice Magic
 - Level 9.0 Air Magic
 - Level 3.0 Earth Magic
 - Level 3.0 Poison Magic
 - Level 3.0 Evocations


You had one spell level left.
You knew the following spells:

 Your Spells              Type           Power      Damage    Failure   Level
b - Summon Ice Beast      Ice/Summ       23%        N/A       9%          4
d - Mephitic Cloud        Conj/Pois/Air  21%        N/A       3%          3
g - Magic Dart            Conj           84%        1d7       1%          1
p - Call Imp              Summ           36%        N/A       1%          2
t - Summon Lightning Spi  Summ/Air       33%        N/A       2%          4
v - Blink                 Tloc           6%         N/A       19%         2
z - Summon Small Mammal   Summ           100%       N/A       1%          1
Y - Animate Armour        Summ/Erth      48%        N/A       8%          4

Your spell library contained the following spells:

 Spells                   Type           Power      Damage    Failure   Level
 Frozen Ramparts          Ice            20%        1d4       16%         3
 Leda's Liquefaction      Hex/Erth       4%         N/A       52%         4
 Ice Form                 Ice/Tmut       7%         N/A       58%         4
 Lee's Rapid Deconstruct  Erth           6%         3d6*      65%         5
 Manifold Assault         Tloc           3%         N/A       73%         4
 Dispersal                Tloc           1%         N/A       100%        6
 Statue Form              Tmut/Erth      5%         N/A       100%        6
 Storm Form               Tmut/Air       8%         N/A       100%        7
 Disjunction              Tloc           1%         N/A       100%        8


Dungeon Overview and Level Annotations

Branches:
Dungeon (11/15)            Temple (0/1) D:7            Lair (3/5) D:11
 Spider (0/4) Lair:2          Orc (0/2) D:9
  Swamp: Lair:2-3    Shoals: Lair:2-3

Altars:
Ashenzari
Dithmenos
Kikubaaqudgha
Makhleb
Okawaru
Qazlal
Ru
Yredelemnul
Zin
The Shining One

Shops:
D:6 (

Annotations:
Lair:3 1 runed translucent door, Nessos


Innate Abilities, Weirdness & Mutations

You have a beak for a mouth.
You have claws for feet.
Your magical nature lets you fly swiftly and evasively.


Message History

The yak gores your lightning spire but does no damage.
You feel sick.
Your lightning spire shoots out a bolt of lightning at the yak!
The bolt of electricity hits the yak.
You feel sick. The yak gores your lightning spire.
Your lightning spire is destroyed!
Your lightning spire disappears in a puff of smoke!
Nessos mumbles some strange words.
Nessos seems to speed up.
You feel sick.
You feel sick.
Nessos mumbles some strange words.
Nessos blinks!
Nessos shoots an arrow.
The arrow hits you!
* * * LOW HITPOINT WARNING * * *
The arrow burns you.
You are more poisoned.
* * * LOW HITPOINT WARNING * * *
There is a stone staircase leading down, spattered with blood here.
You feel very sick.
Nessos shoots an arrow.
The arrow hits you!
* * * LOW HITPOINT WARNING * * *
The arrow burns you.
* * * LOW HITPOINT WARNING * * *
Nessos shoots an arrow.
The arrow misses you.
Your ice beast hits Nessos but does no damage.
* * * LOW HITPOINT WARNING * * *
You feel sick.
Nessos shoots an arrow.
The arrow barely misses you.
Nessos shoots an arrow.
The arrow hits you.
* * * LOW HITPOINT WARNING * * *
The arrow burns you.
You are more poisoned.
* * * LOW HITPOINT WARNING * * *
Your ice beast hits Nessos but does no damage.
* * * LOW HITPOINT WARNING * * *
You feel very sick.
You feel better.
Nessos shoots an arrow.
The arrow barely misses you.
There is a stone staircase leading up here.
Nessos shoots an arrow.
The arrow hits you!
You die...

░.░░....░.░░ ░.........░░░░
░░░.░.░...░░ ░..........░
░░░░.......░ ░░........░░
░....░░.░░░░░░░░.⚶..░░░.░░
..░░░░░░░ ░⚶..>..^░ ░░.░░░░░░░░
░.░░░░░░░ ░..░░░░░░░░░.........
.+.░..░.░░░░░░.c░░░....░.░░░░░.░░
.........░.░░............░
........'...░...Q........░
.........░░.............░░
........░░░░░...........
.^......░ ░........... ........░
░........... +..░░....░
░............ .░.░░░░░░░
░░........... ░ ░░░░░..⚵.░░░░░
⚵░░░ ...░░ ░.░


You could see Nessos (fast).

Vanquished Creatures
  A catoblepas (Lair:2)
  A two-headed ogre (D:9)
  A cane toad (Lair:3)
  Joseph (D:7)
  A kobold demonologist (D:11)
  A rime drake (Lair:3)
  3 komodo dragons
  A troll (D:11)
  A hornet (D:8)
  Prince Ribbit (D:7)
  A polar bear (Lair:3)
  6 blink frogs
  2 jumping spiders (Lair:2)
  18 yaks
  3 wyverns
  2 redbacks (Lair:2)
  A steam dragon (D:9)
  7 water moccasins
  2 orc warriors
  An ice beast (D:7)
  2 black bears
  6 wolves
  3 centaurs
  A nameless horror (D:11)
  2 kobold brigands
  2 necrophages
  7 bullfrogs
  A gnoll sergeant (D:9)
  A scorpion (D:5)
  10 wights
  3 killer bees (D:4)
  4 electric eels (D:11)
  7 howler monkeys
  A lava snake (D:9)
  4 jellies
  2 gnoll boudas
  6 orc priests
  Crazy Yiuf (D:2)
  7 hounds
  3 iguanas
  Natasha (thrice) (D:2)
  12 orc wizards
  Robin (D:2)
  34 gnolls
  6 adders
  2 shadow imps
  2 white imps
  4 ufetubi
  2 worms
  3 dart slugs
  60 orcs
  4 endoplasms
  4 giant cockroaches
  7 hobgoblins
  11 jackals (D:3)
  6 kobolds
  3 quokkas
  7 ball pythons
  6 bats
  5 frilled lizards
  15 goblins
  5 rats
330 creatures vanquished.

Vanquished Creatures (collateral kills)
  2 hydras
  Fannar (D:11)
  Maggie (D:8)
  4 cane toads
  4 komodo dragons
  A kobold demonologist (D:11)
  2 polar bears
  4 blink frogs
  A jumping spider (Lair:2)
  Sigmund (D:5)
  2 shadows
  2 culicivoras (Lair:2)
  3 wyverns
  8 yaks
  2 basilisks
  4 water moccasins
  2 orc warriors (D:9)
  An ice beast (D:8)
  6 wolves
  A phantom (D:6)
  A kobold brigand (D:7)
  2 bullfrogs (Lair:2)
  8 wights
  A nameless horror (Lair:2)
  A gnoll bouda (D:8)
  A gnoll (D:8)
  3 orcs
  5 kobolds
  2 goblins
76 creatures vanquished.

Vanquished Creatures (others)
  22 fungi
  30 plants
52 creatures vanquished.

Grand Total: 458 creatures vanquished

Notes
Turn   | Place    | Note
-------+----------+-------------------------------------------
     0 | D:1      | utis the Tengu Wanderer began the quest for the Orb.
     0 | D:1      | utis set off with the following items: a +0 dagger, a
                  | potion of attraction, a potion of haste {@q3}, a +0 robe, a
                  | scroll of fog; and the following spell memorised: Summon
                  | Small Mammal; and the following spells available to
                  | memorise: Animate Armour, Summon Lightning Spire.
     0 | D:1      | Reached XP level 1. HP: 16/16 MP: 3/3
    50 | D:1      | Found a faded altar of an unknown god.
   365 | D:1      | Reached XP level 2. HP: 21/21 MP: 4/4
   439 | D:1      | Reached skill level 1 in Dodging
   943 | D:1      | Reached XP level 3. HP: 18/26 MP: 5/5
  1281 | D:2      | Reached XP level 4. HP: 31/31 MP: 6/6
  1308 | D:2      | Noticed Robin
  1454 | D:2      | Reached skill level 1 in Polearms
  1551 | D:2      | Learned a level 4 spell: Summon Lightning Spire
  1628 | D:2      | Noticed Natasha
  1640 | D:2      | Reached skill level 1 in Air Magic
  1640 | D:2      | Gained mutation: Your magical nature lets you fly swiftly
                  | and evasively. [Tengu growth]
  1640 | D:2      | Reached XP level 5. HP: 6/35 MP: 7/7
  1983 | D:2      | Killed Robin
  2117 | D:2      | Learned a level 2 spell: Call Imp
  2158 | D:2      | Killed Natasha
  2357 | D:2      | Reached skill level 2 in Polearms
  2428 | D:2      | Noticed Natasha
  2442 | D:2      | Killed Natasha
  2443 | D:2      | Reached XP level 6. HP: 37/40 MP: 10/10
  2547 | D:2      | Found a runed translucent door.
  2548 | D:2      | Noticed Crazy Yiuf
  2666 | D:2      | Killed Crazy Yiuf
  2824 | D:2      | Noticed Natasha
  2830 | D:2      | Killed Natasha
  3031 | D:3      | Found a sacrificial altar of Ru.
  3377 | D:3      | Reached skill level 5 in Summonings
  3404 | D:3      | Reached skill level 3 in Polearms
  3404 | D:3      | Reached XP level 7. HP: 45/45 MP: 11/11
  3408 | D:3      | Learned a level 3 spell: Mephitic Cloud
  3518 | D:3      | Reached skill level 1 in Conjurations
  3686 | D:2      | Reached skill level 1 in Poison Magic
  4732 | D:4      | Reached XP level 8. HP: 51/51 MP: 5/12
  4950 | D:4      | Found an ancient bone altar of Kikubaaqudgha.
  5640 | D:5      | Entered Level 5 of the Dungeon
  5868 | D:5      | Found a broken altar of Ashenzari.
  5977 | D:5      | Reached skill level 5 in Conjurations
  5977 | D:5      | Reached skill level 5 in Air Magic
  6075 | D:5      | Found a glowing golden altar of the Shining One.
  6088 | D:5      | Found a glowing silver altar of Zin.
  6089 | D:5      | Noticed an angel
  6118 | D:5      | Noticed Sigmund
  6126 | D:5      | Killed Sigmund
  6295 | D:5      | Found an iron altar of Okawaru.
  6423 | D:5      | Found a shadowy altar of Dithmenos.
  6468 | D:5      | Noticed a vampire
  6561 | D:5      | Found a burning altar of Makhleb.
  6576 | D:5      | Reached XP level 9. HP: 26/55 MP: 11/13
  6836 | D:6      | Found Foumuf's Antique Weapon Boutique.
  7088 | D:6      | Reached skill level 4 in Polearms
  7116 | D:6      | Identified the +1 falchion of Farhixki {antimagic, *Slow
                  | Will+ rCorr Int+8}
  8772 | D:7      | Found a staircase to the Ecumenical Temple.
  8799 | D:7      | Noticed Prince Ribbit
  8810 | D:7      | Killed Prince Ribbit
  9163 | D:7      | Found a basalt altar of Yredelemnul.
  9163 | D:7      | Found a stormy altar of Qazlal.
  9228 | D:7      | Noticed Joseph
  9723 | D:7      | HP: 4/82 [Joseph/+0 quarterstaff (3)]
  9727 | D:7      | Killed Joseph
  9728 | D:7      | Reached XP level 10. HP: 4/60 MP: 12/15
 10239 | D:7      | Found a staircase to the Ecumenical Temple.
 10264 | D:7      | Found a basalt altar of Yredelemnul.
 10264 | D:7      | Found a stormy altar of Qazlal.
 10563 | D:8      | Learned a level 2 spell: Blink
 10618 | D:8      | Paralysed by a hornet for 2 turns
 10622 | D:8      | HP: 2/60 [hornet (11)]
 11166 | D:8      | Reached skill level 5 in Dodging
 11256 | D:8      | Noticed Maggie
 11276 | D:8      | Killed Maggie
 11277 | D:8      | Reached skill level 5 in Polearms
 11277 | D:8      | Reached skill level 10 in Summonings
 11535 | D:8      | Reached skill level 1 in Evocations
 12342 | D:9      | Reached skill level 6 in Polearms
 12582 | D:9      | Found a staircase to the Orcish Mines.
 12774 | D:9      | Reached XP level 11. HP: 58/67 MP: 11/16
 12943 | D:9      | Noticed a two-headed ogre
 12983 | D:9      | Killed a two-headed ogre
 12984 | D:9      | Reached skill level 7 in Polearms
 13055 | D:9      | Learned a level 4 spell: Animate Armour
 13057 | D:9      | Learned a level 1 spell: Magic Dart
 13891 | D:10     | Entered Level 10 of the Dungeon
 14050 | D:10     | Identified a scroll of acquirement
 14051 | D:10     | Acquired the +1 hat "Hotam" {Dex+8 SInv}
 14713 | D:11     | Reached skill level 1 in Earth Magic
 14909 | D:11     | Noticed Fannar
 14940 | D:11     | Killed Fannar
 14941 | D:11     | Reached skill level 8 in Polearms
 15425 | D:11     | Found a staircase to the Lair.
 15902 | Lair:1   | Entered Level 1 of the Lair of Beasts
 16238 | Lair:1   | Reached skill level 9 in Polearms
 16270 | Lair:1   | Found the +4 robe of Augmentation {Str+4 Int+4 Dex+4}
 17058 | Lair:2   | Noticed a catoblepas
 17069 | Lair:1   | Reached XP level 12. HP: 66/75 MP: 15/19
 17400 | Lair:2   | Killed a catoblepas
 17401 | Lair:2   | Reached skill level 10 in Polearms
 17563 | Lair:2   | Noticed a seven-headed hydra
 17570 | Lair:2   | Killed a five-headed hydra
 18329 | Lair:2   | Reached skill level 5 in Armour
 18509 | Lair:2   | Reached skill level 11 in Polearms
 18788 | Lair:2   | Found a hole to the Spider Nest.
 19257 | Lair:3   | Found a runed translucent door.
 19419 | Lair:3   | Reached skill level 5 in Spellcasting
 19456 | Lair:3   | Noticed an eight-headed hydra
 19471 | Lair:3   | Killed a six-headed hydra
 19475 | Lair:3   | Reached skill level 1 in Ice Magic
 19484 | Lair:3   | Reached XP level 13. HP: 70/80 MP: 14/21
 19493 | Lair:3   | Learned a level 4 spell: Summon Ice Beast
 20160 | Lair:3   | Noticed Nessos
 20185 | Lair:3   | HP: 2/82 [poisoned by Nessos]
 20189 | Lair:3   | Shot with an arrow by Nessos

Illustrated notes

Levels and vault maps discovered:
D:1:      minmay_arrival_plants_in_alcoves, layout_loops_ring,
          shapermc_ecumenical_altar_starsandcircs, reono_crystal_passage,
          st_stairs_9
D:2:      layout_loops_ring, uniq_robin, uniq_crazy_yiuf_cottage, uniq_natasha
D:3:      lemuel_castle_with_subvaults [lemuel_castle_interior_carwin_1],
          layout_rooms, hangedman_ru_absence, serial_glass, glass_columns_b,
          glass_columns_b, small_statue_intersection
D:4:      layout_loops_ring, amcnicky_altar_gilded, corexii_shack
D:5:      layout_loops_cross, mainiacjoe_overflow_boulevard,
          kennysheep_little_box, okawaru_altar_gauntlet_db, zin_angel,
          makhleb_blood_cavern_becter, ashenzari_altar_1,
          lightli_corner_chamber, uniq_sigmund
D:6:      layout_basic, serial_corexii_hall, corexii_hall_statues_i,
          corexii_hall_statues_u, serial_shops, shop
D:7:      layout_rooms, gammafunk_temple_overflow_wave,
          minmay_temple_entry_tees, uniq_prince_ribbit1, uniq_joseph
D:8:      layout_basic, uniq_maggie
D:9:      layout_loops_ring, erik_orc_3, minmay_liquid_box,
          kennysheep_minor_cross
D:10:     layout_rooms, hex_large
D:11:     layout_basic, erik_lair_island, uniq_fannar
Lair:1:   layout_loops_ring
Lair:2:   layout_long_grid, nicolae_spider_entry_tight_spaces,
          serial_bayou_shore_a, grunt_megastairs_4, lemuel_fruit_tree,
          infiniplex_staircase_pool_2
Lair:3:   layout_roguey, elwin_shoals_entry_rooms, pf_torpor_hydra, uniq_nessos

Skill      XL: |  1  2  3  4  5  6  7  8  9 10 11 12 13 |
---------------+----------------------------------------+-----
Dodging        | 1 2 3 4 6 7 |  7.5
Summonings     | 3 4 5 7 9 10 | 10.7
Polearms       | 1 2 3 4 6 9 11 | 11.7
Air Magic      | 1 3 6 8 9 |  9.0
Spellcasting   | 2 3 4 5 |  5.0
Conjurations   | 3 6 |  6.0
Poison Magic   | 2 3 |  3.0
Fighting       | 7 8 9 |  9.8
Evocations     | 3 |  3.0
Earth Magic    | 2 3 |  3.0
Armour         | 3 5 6 |  6.3
Ice Magic      | 1 2 |  2.2

Action                     |  1- 3 |  4- 6 |  7- 9 | 10-12 | 13-15 || total
---------------------------+-------+-------+-------+-------+-------++-------
  Melee: Short sword       |    42 |       |       |       |       ||    42
         Kick              |    13 |    53 |   131 |   214 |    12 ||   423
         Peck              |     8 |    26 |    71 |   143 |     6 ||   254
         Dagger            |     1 |       |       |       |       ||     1
         Spear             |    20 |    56 |   231 |   536 |    25 ||   868
         Halberd           |       |   137 |   227 |   105 |    23 ||   492
         Punch             |       |       |     2 |     8 |       ||    10
         Long sword        |       |       |       |     4 |       ||     4
  Throw: Stone             |       |       |     1 |       |       ||     1
   Cast: Summon Small Mamm |     6 |     7 |     4 |     2 |       ||    19
         Call Imp          |       |     2 |    32 |    20 |       ||    54
         Summon Lightning  |       |       |     2 |    44 |     3 ||    49
         Animate Armour    |       |       |       |    42 |     7 ||    49
         Magic Dart        |       |       |       |     5 |       ||     5
         Summon Ice Beast  |       |       |       |       |     5 ||     5
  Evoke: Wand              |       |       |       |     7 |       ||     7
    Use: Scroll            |       |     6 |     4 |    12 |     1 ||    23
         Potion            |       |       |     6 |     2 |     1 ||     9
   Stab: Sleeping          |     2 |       |       |       |       ||     2
         Invisible         |       |       |     3 |       |       ||     3
         Distracted        |       |       |     1 |     8 |       ||     9
         Petrifying        |       |       |       |     2 |       ||     2
 Armour: Robe              |     1 |       |       |       |       ||     1
         Scale mail        |    15 |    60 |   185 |    16 |       ||   276
         Skin              |       |       |     4 |       |       ||     4
         Swamp dragon scal |       |       |       |   131 |    11 ||   142
  Dodge: Dodged            |    27 |   114 |   234 |   357 |    21 ||   753

Table legend: (Time is in decaauts)
 A = Elapsed time spent in this place.
 B = Non-inter-level travel time spent in this place.
 C = Inter-level travel time spent in this place.
 D = Time resting spent in this place.
 E = Time spent auto-exploring this place.
 F = Levels seen in this place.
 G = Mean time per level.
                   A        B        C        D        E       F      G
               +--------+--------+--------+--------+--------+-----+--------+
         Total |  19196 |  18630 |    566 |   6394 |   8233 |  14 | 1371.1 |
       Dungeon |  15218 |  14691 |    527 |   4889 |   6523 |  11 | 1383.5 |
          Lair |   3978 |   3939 |     39 |   1505 |   1709 |   3 | 1326.0 |
               +--------+--------+--------+--------+--------+-----+--------+

Top non-repeatable levels by time:
     D:2: 1890 daAuts
  Lair:2: 1879 daAuts
     D:7: 1790 daAuts
     D:8: 1762 daAuts
     D:9: 1542 daAuts
     D:3: 1405 daAuts
     D:6: 1358 daAuts
     D:5: 1322 daAuts
     D:1: 1299 daAuts
  Lair:1: 1182 daAuts
    D:11: 1169 daAuts
     D:4: 975 daAuts
  Lair:3: 915 daAuts
    D:10: 700 daAuts
